BLB
DENVER BULLS @ WASHINGTON BATS
08/02/2059
 
TOP OF THE 1ST
Denver Bulls batting - Pitching for Washington Bats : RHP Evan Baker
Pitching: RHP Evan Baker
Batting: LHB Johnathan Wang 0-0: Ball
1-0: Called Strike
1-1: SINGLE (Groundball, 34D, EV 108.1 MPH)
Batting: RHB Dalton Brown 0-0: Called Strike
0-1: Foul Ball, location: 2F
0-2: Grounds into double play, 6-4-3 (Groundball, 6, EV 83.8 MPH)
Batting: LHB Michael Hughes 0-0: Called Strike
0-1: Ground out 4-3 (Groundball, 4, EV 80.0 MPH)
Top of the 1st over - 0 runs, 1 hit, 0 errors, 0 left on base; Denver 0 - Washington 0
BOTTOM OF THE 1ST
Washington Bats batting - Pitching for Denver Bulls : RHP Dwan Tamarovsky
Pitching: RHP Dwan Tamarovsky
Batting: RHB Julian Ludin 0-0: Called Strike
0-1: Swinging Strike
0-2: Foul Ball, location: 2F
0-2: Ball
1-2: Ball
2-2: Ball
3-2: Foul Ball, location: 2F
3-2: Fly out, F7 (Flyball, 7, EV 94.4 MPH)
Batting: RHB Hayden Jones 0-0: Foul Ball, location: 2F
0-1: Foul Ball, location: 2F
0-2: SINGLE (Line Drive, 89S, EV 103.8 MPH)
Batting: LHB Greg Selser 0-0: Ball
1-0: Ground out 4-3 (Groundball, 34S, EV 83.1 MPH)
Hayden Jones to second
Batting: RHB Parker Lee 0-0: Called Strike
0-1: Swinging Strike
0-2: Ball
1-2: Ball
2-2: Strikes out looking
Bottom of the 1st over - 0 runs, 1 hit, 0 errors, 1 left on base; Denver 0 - Washington 0
TOP OF THE 2ND
Denver Bulls batting - Pitching for Washington Bats : RHP Evan Baker
Batting: LHB Tommy Tuten 0-0: Ground out 3-1 (Groundball, 34S, EV 69.4 MPH)
Batting: SHB J.J. Evans 0-0: Foul Ball, location: 2F
0-1: Foul Ball, location: 2F
0-2: Strikes out looking
Batting: RHB James Wilson 0-0: Called Strike
0-1: Ball
1-1: Foul Ball, location: 2F
1-2: Strikes out swinging passed ball, reaches first!
Batting: SHB T.J. Carter 0-0: DOUBLE (Flyball, 89D, EV 114.4 MPH)
James Wilson to third
Runner from 3rd tries for Home, SAFE, throw by RF to home
Batting: RHB Bert Thoma 0-0: Called Strike
0-1: Foul Ball, location: 2F
0-2: Ball
1-2: Ball
2-2: Foul Ball, location: 2F
2-2: Strikes out swinging
Top of the 2nd over - 1 run, 1 hit, 0 errors, 1 left on base; Denver 1 - Washington 0
BOTTOM OF THE 2ND
Washington Bats batting - Pitching for Denver Bulls : RHP Dwan Tamarovsky
Batting: RHB Neall Rabah 0-0: Called Strike
0-1: Foul Ball, location: 2F
0-2: Foul Ball, location: 2F
0-2: Foul Ball, location: 2F
0-2: Hit by Pitch
Batting: LHB Evan Wilson 0-0: Called Strike
0-1: Ball
1-1: Ball
2-1: Foul Ball, location: 2F
2-2: Strikes out swinging
Batting: SHB Josiah White 0-0: Ball
1-0: Called Strike
1-1: Ball
2-1: Called Strike
2-2: Strikes out swinging
Batting: LHB Ollie Snelgrove 0-0: Swinging Strike
0-1: Foul Ball, location: 2F
0-2: Ball
1-2: Strikes out swinging
Bottom of the 2nd over - 0 runs, 0 hits, 0 errors, 1 left on base; Denver 1 - Washington 0
TOP OF THE 3RD
Denver Bulls batting - Pitching for Washington Bats : RHP Evan Baker
Batting: SHB Sage Reinisch 0-0: Called Strike
0-1: Ball
1-1: Ball
2-1: Swinging Strike
2-2: Foul Ball, location: 2F
2-2: DOUBLE (Line Drive, 7LD, EV 105.6 MPH)
Batting: LHB Johnathan Wang 0-0: Ball
1-0: Foul Ball, location: 2F
1-1: Ball
2-1: Foul Ball, location: 2F
2-2: Strikes out swinging
Batting: RHB Dalton Brown 0-0: Ball
1-0: Called Strike
1-1: Called Strike
1-2: Ball
2-2: Ground out 6-3 (Groundball, 6S, EV 86.2 MPH)
Sage Reinisch to third
Batting: LHB Michael Hughes 0-0: Called Strike
0-1: Ball
1-1: Ball
2-1: Foul Ball, location: 2F
2-2: Strikes out swinging
Top of the 3rd over - 0 runs, 1 hit, 0 errors, 1 left on base; Denver 1 - Washington 0
BOTTOM OF THE 3RD
Washington Bats batting - Pitching for Denver Bulls : RHP Dwan Tamarovsky
Batting: RHB Owen Dooley 0-0: Ball
1-0: Foul Ball, location: 2F
1-1: Called Strike
1-2: Foul Ball, location: 2F
1-2: Ground out 6-3 (Groundball, 6, EV 81.9 MPH)
Batting: RHB Julian Ludin 0-0: Ball
1-0: Swinging Strike
1-1: Ball
2-1: Ball
3-1: Base on Balls
Batting: RHB Hayden Jones 0-0: Called Strike
Julian Ludin steals 2nd base
0-1: Hit by Pitch
Batting: LHB Greg Selser 0-0: Foul Ball, location: 2F
0-1: Ball
1-1: Ball
2-1: Foul Ball, location: 2F
2-2: Fly out, F9 (Line Drive, 9LS, EV 95.0 MPH)
Batting: RHB Parker Lee 0-0: Called Strike
0-1: Foul Ball, location: 2F
0-2: Ball
1-2: Ball
2-2: Strikes out looking
Bottom of the 3rd over - 0 runs, 0 hits, 0 errors, 2 left on base; Denver 1 - Washington 0
TOP OF THE 4TH
Denver Bulls batting - Pitching for Washington Bats : RHP Evan Baker
Batting: LHB Tommy Tuten 0-0: Foul Ball, location: 2F
0-1: Foul Ball, location: 2F
0-2: Ball
1-2: Ball
2-2: Ball
3-2: Strikes out swinging
Batting: SHB J.J. Evans 0-0: Ball
1-0: Ball
2-0: Called Strike
2-1: Fly out, F7 (Flyball, 7, EV 78.8 MPH)
Batting: RHB James Wilson 0-0: Foul Ball, location: 2F
0-1: Swinging Strike
0-2: Ball
1-2: Foul Ball, location: 2F
1-2: Strikes out swinging
Top of the 4th over - 0 runs, 0 hits, 0 errors, 0 left on base; Denver 1 - Washington 0
BOTTOM OF THE 4TH
Washington Bats batting - Pitching for Denver Bulls : RHP Dwan Tamarovsky
Batting: RHB Neall Rabah 0-0: Foul Ball, location: 2F
0-1: Foul Ball, location: 2F
0-2: Ball
1-2: Fly out, F8 (Flyball, 8LD, EV 92.5 MPH)
Batting: LHB Evan Wilson 0-0: Ball
1-0: Foul Ball, location: 2F
1-1: Foul Ball, location: 2F
1-2: Strikes out swinging
Batting: SHB Josiah White 0-0: Swinging Strike
0-1: Hit by Pitch
Batting: LHB Ollie Snelgrove 0-0: Fielders Choice at 2nd, 5-4 (Groundball, 56, EV 87.5 MPH)
Bottom of the 4th over - 0 runs, 0 hits, 0 errors, 1 left on base; Denver 1 - Washington 0
TOP OF THE 5TH
Denver Bulls batting - Pitching for Washington Bats : RHP Evan Baker
Batting: SHB T.J. Carter 0-0: Called Strike
0-1: Ball
1-1: Ball
2-1: Swinging Strike
2-2: Ground out 3-1 (Groundball, 34S, EV 86.2 MPH)
Batting: RHB Bert Thoma 0-0: Called Strike
0-1: Hit by Pitch
Batting: SHB Sage Reinisch 0-0: Swinging Strike
0-1: Ball
1-1: Ball
2-1: Foul Ball, location: 2F
2-2: Ball
3-2: Fly out, F7 (Flyball, 7, EV 77.5 MPH)
Batting: LHB Johnathan Wang 0-0: Ball
1-0: SINGLE (Groundball, 56D, EV 94.4 MPH)
Bert Thoma to second
Batting: RHB Dalton Brown 0-0: Called Strike
0-1: Swinging Strike
0-2: Strikes out swinging
Top of the 5th over - 0 runs, 1 hit, 0 errors, 2 left on base; Denver 1 - Washington 0
BOTTOM OF THE 5TH
Washington Bats batting - Pitching for Denver Bulls : RHP Dwan Tamarovsky
Batting: RHB Owen Dooley 0-0: Ball
1-0: Swinging Strike
1-1: Ball
2-1: Called Strike
2-2: Foul Ball, location: 2F
2-2: SINGLE (Groundball, 6D, EV 96.2 MPH)
Batting: RHB Julian Ludin 0-0: Called Strike
0-1: Called Strike
Owen Dooley steals 2nd base (no throw)
0-2: Ball
1-2: Ball
2-2: Ground out 4-3 (Groundball, 4, EV 96.9 MPH)
Owen Dooley to third
Batting: RHB Hayden Jones 0-0: Ball
1-0: Foul Ball, location: 2F
1-1: Ball
2-1: Foul Ball, location: 2F
2-2: Ball
3-2: Ground out 6-3 (Groundball, 6, EV 81.9 MPH)
Batting: LHB Greg Selser 0-0: Ball
1-0: Ball
2-0: Called Strike
2-1: Swinging Strike
2-2: Strikes out swinging
Bottom of the 5th over - 0 runs, 1 hit, 0 errors, 1 left on base; Denver 1 - Washington 0
TOP OF THE 6TH
Denver Bulls batting - Pitching for Washington Bats : RHP Evan Baker
Batting: LHB Michael Hughes 0-0: Called Strike
0-1: Called Strike
0-2: Ball
1-2: Ball
2-2: SINGLE (Groundball, 56D, EV 107.5 MPH)
Batting: LHB Tommy Tuten 0-0: Called Strike
0-1: Foul Ball, location: 2F
0-2: Ball
1-2: Hit by Pitch
Michael Hughes to second
Batting: SHB J.J. Evans 0-0: Swinging Strike
0-1: Swinging Strike
0-2: Ground out 5-3 (Groundball, 56S, EV 68.8 MPH)
Michael Hughes to third
Tommy Tuten to second
Batting: RHB James Wilson 0-0: Called Strike
0-1: Swinging Strike
0-2: Strikes out looking
Batting: SHB T.J. Carter 0-0: Called Strike
0-1: Fly out, F9 (Flyball, 9S, EV 90.0 MPH)
Top of the 6th over - 0 runs, 1 hit, 0 errors, 2 left on base; Denver 1 - Washington 0
BOTTOM OF THE 6TH
Washington Bats batting - Pitching for Denver Bulls : RHP Dwan Tamarovsky
Batting: RHB Parker Lee 0-0: Called Strike
0-1: Called Strike
0-2: Ball
1-2: Ball
2-2: Ball
3-2: Fly out, F9 (Line Drive, 9S, EV 90.0 MPH)
Batting: RHB Neall Rabah 0-0: Called Strike
0-1: Foul Ball, location: 2F
0-2: Strikes out swinging
Batting: LHB Evan Wilson 0-0: Ball
1-0: Ball
2-0: Foul Ball, location: 2F
2-1: Ball
3-1: Base on Balls
Batting: SHB Josiah White 0-0: Ball
1-0: Called Strike
1-1: Called Strike
1-2: SINGLE (Line Drive, 8LS, EV 105.6 MPH)
Evan Wilson to second
Batting: LHB Ollie Snelgrove 0-0: Swinging Strike
0-1: Ball
1-1: Called Strike
1-2: Strikes out swinging
Bottom of the 6th over - 0 runs, 1 hit, 0 errors, 2 left on base; Denver 1 - Washington 0
TOP OF THE 7TH
Denver Bulls batting - Pitching for Washington Bats : RHP Evan Baker
Batting: RHB Bert Thoma 0-0: Ball
1-0: Ball
2-0: Called Strike
2-1: Ground out 4-3 (Groundball, 4S, EV 62.5 MPH)
Batting: SHB Sage Reinisch 0-0: Foul Ball, location: 2F
0-1: Ball
1-1: Foul Ball, location: 2F
1-2: Strikes out swinging
Batting: LHB Johnathan Wang 0-0: Ball
1-0: Called Strike
1-1: Ball
2-1: Called Strike
2-2: Strikes out looking
Top of the 7th over - 0 runs, 0 hits, 0 errors, 0 left on base; Denver 1 - Washington 0
BOTTOM OF THE 7TH
Washington Bats batting - Pitching for Denver Bulls : RHP Dwan Tamarovsky
Batting: RHB Owen Dooley 0-0: Called Strike
0-1: Called Strike
0-2: Foul Ball, location: 2F
0-2: Strikes out swinging
Batting: RHB Julian Ludin 0-0: Called Strike
0-1: Ball
1-1: SINGLE (Line Drive, 56D, EV 100.6 MPH)
Batting: RHB Hayden Jones 0-0: Ball
Julian Ludin steals 2nd base
1-0: SINGLE (Groundball, 6MD, EV 98.8 MPH)
Julian Ludin to third
Runner from 3rd tries for Home, SAFE, throw by CF to home
Pitching: LHP Duncan Mulifi
Pinch Hitting: RHB Colby Toothaker 0-0: Called Strike
0-1: Ball
1-1: Ball
2-1: Grounds into double play, 4-6-3 (Groundball, 4, EV 85.0 MPH)
Bottom of the 7th over - 1 run, 2 hits, 0 errors, 0 left on base; Denver 1 - Washington 1
TOP OF THE 8TH
Denver Bulls batting - Pitching for Washington Bats : RHP Evan Baker
Now in RF: Ken Daly
Batting: RHB Dalton Brown 0-0: Called Strike
0-1: Ball
1-1: Called Strike
1-2: Ground out 5-3 (Groundball, 5, EV 86.9 MPH)
Pitching: LHP Ralph Shields
Pinch Hitting: RHB Chasson Egan 0-0: Called Strike
0-1: Foul Ball, location: 2F
0-2: Ball
1-2: Ball
2-2: Ball
3-2: Strikes out looking and he ARGUES THE CALL AND IS TOSSED!
Batting: RHB Lambert Howard 0-0: Called Strike
0-1: Ground out U3 (Groundball, 34S, EV 89.4 MPH)
Top of the 8th over - 0 runs, 0 hits, 0 errors, 0 left on base; Denver 1 - Washington 1
BOTTOM OF THE 8TH
Washington Bats batting - Pitching for Denver Bulls : LHP Duncan Mulifi
Now at 1B: Dalton Brown
Now at 2B: Sage Reinisch
Now at SS: Liam Gill
Batting: RHB Parker Lee 0-0: Called Strike
0-1: Foul Ball, location: 2F
0-2: Ball
1-2: SOLO HOME RUN (Flyball, 7D, EV 95.6 MPH), Distance : 368 ft
Batting: RHB Neall Rabah 0-0: Ball
1-0: Foul Ball, location: 2F
1-1: Ball
2-1: Ball
3-1: Base on Balls
Batting: LHB Evan Wilson 0-0: Foul Ball, location: 2F
0-1: Ball
1-1: Ball
2-1: Sac Bunt to 15S - play at first, batter OUT! 1-4
Neall Rabah to second
Batting: SHB Josiah White 0-0: Intentional Walk
Batting: LHB Ollie Snelgrove 0-0: Called Strike
0-1: Ball
1-1: Fly out, F9 (Line Drive, 89S, EV 92.5 MPH)
Batting: RHB Owen Dooley 0-0: Ball
1-0: Ball
Wild Pitch!
Neall Rabah to third
Josiah White to second
2-0: SINGLE (Groundball, 56D, EV 93.8 MPH)
Neall Rabah scores
Josiah White to third
Runner from 3rd tries for Home, SAFE, throw by LF to home
Pitching: RHP Tristan O'Neal
Batting: RHB Julian Ludin 0-0: Called Strike
Owen Dooley steals 2nd base (no throw)
0-1: Ground out 3-1 (Groundball, 34S, EV 90.6 MPH)
Bottom of the 8th over - 3 runs, 2 hits, 0 errors, 1 left on base; Denver 1 - Washington 4
TOP OF THE 9TH
Denver Bulls batting - Pitching for Washington Bats : LHP Ralph Shields
Pitching: LHP Darius Huschke
Batting: SHB J.J. Evans 0-0: Swinging Strike
0-1: Swinging Strike
0-2: Ground out 5-3 (Groundball, 56, EV 78.1 MPH)
Batting: RHB James Wilson 0-0: Fly out, F8 (Flyball, 8LD, EV 100.6 MPH)
Batting: SHB T.J. Carter 0-0: Foul Ball, location: 2F
0-1: Ball
1-1: Ball
2-1: Foul Ball, location: 2F
2-2: Strikes out swinging
Top of the 9th over - 0 runs, 0 hits, 0 errors, 0 left on base; Denver 1 - Washington 4
Tuesday, March 19th , 2024 - OOTP Baseball 23.10 Build 110